 Dungeon Crawl Stone Soup version 0.29-a0-451-gfbfa42419e (webtiles) character file.

Game seed: 13415009015085541335

48333 croobank the Unseen (level 13, 0/63 HPs)
             Began as a Felid Delver on May 19, 2022.
             Was an Elder of Jiyva.
             Killed from afar by Nikola (63 damage)
             ... with an arc of chain lightning
             ... on level 1 of the Spider Nest.
             The game lasted 02:12:06 (22851 turns).

croobank the Unseen (Felid Delver)                 Turns: 22851, Time: 02:12:06

Health: 0/63       AC:  6    Str: 11    XL:     13   Next: 47%
Magic:  44/44      EV: 29    Int: 16    God:    Jiyva [****..]
Gold:   543        SH:  8    Dex: 18    Spells: 11/29 levels left
                                        Lives:  0   Deaths: 2

rFire   + . .      SeeInvis +     - Unarmed
rCold   + . .      Faith    .   (shield unavailable)
rNeg    . . .      Spirit   .   (body armour unavailable)
rPois   +          Reflect  .   (helmet unavailable)
rElec   +          Harm     .   (cloak unavailable)
rCorr   +          Rampage  .   (gloves unavailable)
Will    ++++.                   (boots unavailable)
Stlth   ++++++....              B - amulet of regeneration
HPRegen 2.28/turn               H - ring "Aserren" {rElec rPois Will+ MP+9 Stlth-}
MPRegen 0.69/turn               b - ring "Omivunydgh" {MP+9 Str+3}

@: quick
A: very small, claws 1, fangs 3, see invisible, speed 1, shaggy fur 3, stealthy
paws, no weapons or thrown items, no armour, multi-lived, horns 1, iridescent
scales 1, large bone plates 3, fire resistance 1, strong-willed 2, wild magic 3,
gelatinous body 1, tendrils, jelly absorbing missiles, MP-powered wands
}: 1/15 runes: slimy
a: Renounce Religion, Oozemancy, Slimify


You were on level 1 of the Spider Nest.
You worshipped Jiyva.
Jiyva was greatly pleased with you.
You visited 5 branches of the dungeon, and saw 27 of its levels.
You also visited: Ossuary.

You collected 1316 gold pieces.
You spent 773 gold pieces at shops.

Inventory:

Jewellery
 b - the ring "Omivunydgh" (right paw) {MP+9 Str+3}
   (You found it on level 5 of the Dungeon)

   [ring of magical power]

   Str:       It affects your strength (+3).
   MP:        It affects your magic capacity (+9).
 c - a ring of resist corrosion
 s - a ring of wizardry
 u - the ring of Jaxel {rCorr Str-5 SInv Stlth+}
   (You found it on level 7 of the Dungeon)

   [ring of resist corrosion]

   Str:       It affects your strength (-5).
   SInv:      It lets you see invisible.
   rCorr:     It protects you from acid and corrosion.
   Stlth:     It makes you more stealthy.
 w - a ring of protection from cold
 y - the amulet of Katusap {Spirit rC+ rN+ rCorr Stlth-}
   (You found it on level 5 of the Pits of Slime)

   [amulet of guardian spirit]

   It causes incoming damage to be divided between your reserves of health and
   magic.
   rC:        It protects you from cold.
   rN:        It protects you from negative energy.
   rCorr:     It protects you from acid and corrosion.
   Stlth:     It makes you less stealthy.
 B - an amulet of regeneration (around neck)
 D - the ring "Ozid Dukh" {MP+9 Str+9 Int+5 Slay-2}
   (You found it on level 5 of the Pits of Slime)

   [ring of magical power]

   Str:       It affects your strength (+9).
   Int:       It affects your intelligence (+5).
   Slay:      It affects your accuracy & damage with ranged weapons and melee
   (-2).
   MP:        It affects your magic capacity (+9).
 F - a ring of positive energy
 H - the ring "Aserren" (left paw) {rElec rPois Will+ MP+9 Stlth-}
   (You found it on level 5 of the Pits of Slime)

   [ring of magical power]

   rElec:     It insulates you from electricity.
   rPois:     It protects you from poison.
   MP:        It affects your magic capacity (+9).
   Will:      It increases your willpower.
   Stlth:     It makes you less stealthy.
 I - a ring of fire
 J - a ring of positive energy
 L - a ring of magical power
Wands
 e - a wand of digging (3)
 o - a wand of iceblast (7)
 v - a wand of paralysis (7)
 A - a wand of mindburst (5)
 N - a wand of acid (5)
Scrolls
 a - 6 scrolls of fog
 g - a scroll of blinking
 h - 9 scrolls of teleportation
 n - 6 scrolls of fear
 t - 3 scrolls of vulnerability
 G - 2 scrolls of amnesia
 K - a scroll of silence
Potions
 d - a potion of haste
 f - 2 potions of mutation
 i - 2 potions of berserk rage
 j - 4 potions of lignification
 k - a potion of ambrosia
 l - a potion of cancellation
 m - 6 potions of magic
 p - 9 potions of curing
 r - 3 potions of flight
 x - a potion of brilliance
 z - a potion of might
 C - 5 potions of degeneration
 E - a potion of resistance
 M - a potion of heal wounds
 O - a potion of attraction
Miscellaneous
 P - a condenser vane


   Skills:
 - Level 11.1 Fighting
 - Level 13.9 Dodging
 - Level 16.9 Stealth
 - Level 10.8 Unarmed Combat
 - Level 8.8 Spellcasting
 - Level 4.7 Hexes
 + Level 5.7 Summonings
 - Level 8.0 Necromancy
 - Level 9.2 Ice Magic
 + Level 2.5 Evocations


You had 11 spell levels left.
You knew the following spells:

 Your Spells              Type           Power      Damage    Failure   Level
a - Animate Dead          Necr           58%        N/A       14%         4
b - Ozocubu's Armour      Ice            62%        N/A       5%          3
c - Ensorcelled Hibernat  Hex/Ice        100%       N/A       6%          2
d - Metabolic Englaciati  Hex/Ice        27%        N/A       38%         5
e - Slow                  Hex            100%       N/A       9%          1
f - Confusing Touch       Hex            42%        N/A       16%         3

Your spell library contained the following spells:

 Spells                   Type           Power      Damage    Failure   Level
 Vampiric Draining        Necr           58%        2d10      7%          3
 Anguish                  Hex/Necr       25%        N/A       24%         4
 Beastly Appendage        Tmut           26%        N/A       30%         1
 Passwall                 Tmut/Erth      10%        N/A       38%         2
 Wereblood                Tmut           13%        N/A       38%         2
 Spider Form              Tmut/Pois      13%        N/A       56%         3
 Swiftness                Air            13%        N/A       56%         3
 Summon Mana Viper        Hex/Summ       45%        N/A       58%         5
 Simulacrum               Ice/Necr       30%        N/A       67%         6
 Summon Forest            Summ/Tloc      15%        N/A       86%         5
 Summon Cactus Giant      Summ           24%        N/A       95%         6
 Haunt                    Necr/Summ      26%        N/A       100%        7
 Infestation              Necr           29%        N/A       100%        8
 Summon Horrible Things   Summ           24%        N/A       100%        8
 Dragon's Call            Summ           24%        N/A       100%        9


Dungeon Overview and Level Annotations

Branches:
Dungeon (13/15)            Temple (0/1) D:4            Lair (6/6) D:8
  Swamp (0/4) Lair:4       Spider (1/4) Lair:3        Slime (5/5) Lair:6
    Orc (2/2) D:12            Elf (0/3) Orc:2       Ossuary (visited)
 Vaults: D:13-14

Altars:
Trog
Yredelemnul
Beogh
Jiyva

Shops:
Orc:1 [[(?   Orc:2 ([=*?

Annotations:
Spider:1 Nikola
Slime:5 Royal Jelly


Innate Abilities, Weirdness & Mutations

You have sharp claws.
You have razor-sharp teeth.
You have supernaturally acute eyesight. (SInv)
You cover ground quickly. (Speed+)
Your thick and shaggy fur keeps you warm. (AC +3, rC+)
Your paws help you pounce on unaware monsters.
You are incapable of wielding weapons or throwing items.
You cannot wear armour.
You gain extra lives every three experience levels.
You have a pair of small horns on your head.
You are partially covered in iridescent scales. (AC +2)
You are completely covered in large bone plates. (SH +8)
Your flesh is heat resistant. (rF+)
You are highly strong-willed. (Will++)
Your spells are much harder to cast, but much more powerful.
Your rubbery body absorbs attacks. (AC +1, EV +1)
You are covered in slimy tendrils that may disarm your opponents.
You have a small jelly attached to you that may absorb projectiles.
You expend magic power (3 MP) to strengthen your wands.


Message History

The wolf spider is heavily wounded.
The wolf spider barely misses you. The wolf spider bites you.
You claw the wolf spider!
The wolf spider is severely wounded.
The wolf spider closely misses you. The wolf spider bites you.
You scratch the wolf spider.
The wolf spider is almost dead.
The wolf spider closely misses you. You block the wolf spider's attack.
You closely miss the wolf spider. You headbutt the wolf spider.
The wolf spider is almost dead.
You block the wolf spider's attack. The wolf spider misses you.
You claw the wolf spider!
You kill the wolf spider!
You see here a wolf spider corpse.
What are your orders? t - Meow!
Orders for allies: a - Attack new target. r - Retreat! s - Stop attacking. g - Guard the area. f - Follow me.
Anything else - Cancel.
You meow for attention!
What are your orders? t - Meow!
Orders for allies: a - Attack new target. r - Retreat! s - Stop attacking. g - Guard the area. f - Follow me.
Anything else - Cancel.
You meow for attention!
Nikola the Mad Inventor comes into view.
He is wielding a +1 rapier of electrocution.
Found a stone staircase leading down.
Nikola shouts!
Nikola gestures wildly while chanting.
Nikola blinks!
Okay, then.
You fail to use your ability.
Nikola casts a spell.
Lightning arcs from Nikola's hands!
The bolt of lightning hits you!!! You resist.
Ouch! That really hurt!
You die...

##..#..[..####
.##.....### ..#†.....#
.........# ....#...####
#### ....#####..##
##.^#### .....##.....##
#......#.#
.....##......####........
...........^..#.@...##..#
.###....#.....#......#
###.^.#.#.......@....#
#...#####........#.^...#
##.# ##...#...#....## ##
##...##.##..>.#
##...##### .#.... #.^..#
.... #...##


You could see Nikola.

Vanquished Creatures
  Gastronok (Orc:1)
  Harold (D:9)
  7 hydras
  A merfolk avatar (Lair:6)
  3 two-headed ogres
  2 death yaks
  An orc high priest (Orc:2)
  Nergalle (D:10)
  Sonja (Orc:1)
  An orc knight (Orc:2)
  2 harpies (Lair:6)
  The ghost of Sabo the Chopper, a novice DsGl of Lugonu (D:6)
  A cyclops (D:11)
  A wolf spider (Spider:1)
  3 orc sorcerers
  2 manticores (Lair:6)
  13 elephants
  2 black mambas
  2 torpor snails
  Maggie (D:10)
  10 cane toads
  An unseen horror (D:11)
  4 rime drakes
  Psyche (D:12)
  11 komodo dragons
  2 death yak zombies (Lair:5)
  The ghost of happo123 the Ducker, a novice DjAE (D:5)
  A hydra zombie (Lair:6)
  8 trolls
  4 polar bears
  A wolf spider simulacrum (D:13)
  3 tarantellas
  A hornet (Lair:6)
  9 blink frogs
  11 dream sheep
  Sigmund (D:3)
  A shadow (D:10)
  3 wraiths
  9 wyverns
  73 yaks
  6 basilisks
  5 vampire mosquitoes
  2 redbacks (Spider:1)
  5 steam dragons
  Menkaure (D:7)
  A cane toad zombie (Lair:5)
  2 wargs (Orc:1)
  5 acid dragons
  12 water moccasins
  20 orc warriors
  2 ice beasts
  4 ogres
  2 sky beasts (D:7)
  5 wolves
  A centaur (D:12)
  A phantom (D:6)
  A rime drake zombie (Lair:6)
  A komodo dragon zombie (Lair:6)
  13 bullfrogs
  2 kobold brigands
  A necrophage (D:6)
  2 wyvern zombies (Lair:6)
  Blork the orc (Orc:2)
  A gnoll sergeant (D:8)
  2 scorpions
  13 wights
  6 yak zombies
  A troll zombie (D:11)
  10 killer bees
  2 howler monkeys (D:7)
  3 electric eels
  2 hounds
  2 gnoll shamans
  14 orc priests
  Jessica (D:2)
  Natasha (thrice) (D:3)
  25 orc wizards
  2 killer bee zombies (D:11)
  4 mummies (Ossuary)
  10 gnolls
  6 adders
  A white imp (D:7)
  2 ufetubi
  3 worms
  2 dart slugs
  51 orcs
  11 ball pythons
  4 endoplasms
  2 giant cockroaches (D:4)
  8 gnoll zombies (Ossuary)
  6 goblins
  5 hobgoblins
  5 jackals
  9 kobolds
  2 quokkas (D:2)
  10 bats
  3 frilled lizards
  3 gnoll skeletons (Ossuary)
  2 goblin skeletons (Ossuary)
  6 goblin zombies (Ossuary)
  4 hobgoblin skeletons (Ossuary)
  2 hobgoblin zombies (Ossuary)
  5 kobold skeletons (Ossuary)
  3 kobold zombies (Ossuary)
  2 orc skeletons (Ossuary)
  3 orc zombies
  3 rats
  9 rat skeletons (Ossuary)
  2 rat zombies (Ossuary)
572 creatures vanquished.

Vanquished Creatures (collateral kills)
  A catoblepas (Lair:4)
  A hydra (Lair:6)
  3 death yaks
  An orc high priest (D:12)
  An orc knight (Orc:2)
  An orc sorcerer (Orc:1)
  A cyclops (Orc:2)
  A manticore (D:13)
  A moth of wrath (Spider:1)
  4 elephants
  3 torpor snails
  A death yak zombie (Lair:2)
  A black mamba (Lair:4)
  A cane toad (Lair:6)
  A rime drake (Lair:6)
  4 komodo dragons
  2 wind drakes (Lair:6)
  A hydra zombie (Lair:6)
  A polar bear (Lair:4)
  A hornet (Lair:6)
  A tarantella (Spider:1)
  3 blink frogs (Lair:2)
  6 dream sheep
  2 snapping turtles (Lair:6)
  A jumping spider (Spider:1)
  A wind drake zombie (Lair:6)
  13 yaks
  A culicivora (Spider:1)
  A wyvern (Lair:6)
  A steam dragon (Lair:6)
  2 basilisks
  A redback (Lair:3)
  An acid dragon (D:11)
  A water moccasin (Lair:3)
  A cane toad zombie (Lair:6)
  A black bear (Lair:3)
  A manticore zombie (Lair:6)
  A hornet zombie (Lair:6)
  3 orc warriors
  An elephant zombie (Lair:6)
  5 wolves
  An ogre (Orc:2)
  2 centaurs (D:12)
  A rime drake zombie (Lair:6)
  4 bullfrogs
  2 yak zombies (Lair:5)
  3 electric eels (Lair:1)
  An orc priest (Orc:2)
  An orc wizard (Orc:2)
  2 gnolls (D:5)
  4 orcs
100 creatures vanquished.

Vanquished Creatures (others)
  An orc knight (Orc:2)
  An orc sorcerer (Orc:2)
  A manticore (D:12)
  4 slime creatures
  2 unseen horrors (D:12)
  An elephant slug zombie (Orc:1)
  A rime drake (Lair:4)
  2 trolls (Orc:2)
  2 yaks (D:5)
  A redback (Spider:1)
  A water moccasin (Lair:4)
  A dream sheep zombie (Lair:3)
  3 orc warriors (Orc:2)
  A snapping turtle zombie (Lair:6)
  A komodo dragon zombie (D:11)
  A scorpion (D:4)
  2 wights (D:9)
  3 water moccasin zombies
  2 killer bees (D:11)
  14 yak zombies
  A polar bear zombie (Lair:6)
  A bullfrog zombie (Lair:3)
  95 jellies
  2 orc priests (Orc:2)
  A hound (D:4)
  A gnoll shaman (D:6)
  7 orc wizards
  3 gnolls
  A river rat (D:4)
  An adder (D:4)
  3 orc zombies
  19 orcs
  2 endoplasms
  A hobgoblin (D:3)
  A quokka (D:2)
  2 ball pythons
  A bat (D:3)
  2 frilled lizards
  A goblin zombie (Ossuary)
  A hobgoblin zombie (Ossuary)
  3 kobolds
  2 rats (D:4)
  95 fungi
  118 plants
409 creatures vanquished.

Grand Total: 1081 creatures vanquished

Notes
Turn   | Place    | Note
-------+----------+-------------------------------------------
     0 | D:5      | croobank the Felid Delver began the quest for the Orb.
     0 | D:5      | Reached XP level 1. HP: 10/10 MP: 2/2
    19 | D:5      | Found a runed translucent door.
    19 | D:5      | Noticed happo123's ghost (novice DjAE)
    75 | D:3      | Noticed Sigmund
   103 | D:3      | Noticed an orc wizard
   151 | D:3      | Reached XP level 2. HP: 10/14 MP: 3/3
   319 | D:1      | Found a faded altar of an unknown god.
   368 | D:1      | Prayed at the altar of an unknown god.
   368 | D:1      | Became a worshipper of Jiyva Jayqoicw the Shapeless
   368 | D:1      | Reached * piety under Jiyva
   468 | D:1      | Reached XP level 3. HP: 17/17 MP: 4/4
   647 | D:1      | Reached skill level 7 in Stealth
   709 | D:1      | Reached ** piety under Jiyva
   718 | D:1      | Noticed a lindwurm
   718 | D:1      | Noticed a swamp drake
   718 | D:1      | Noticed a black bear
   719 | D:1      | Noticed a scorpion
   939 | D:2      | Found a basalt altar of Yredelemnul.
  1200 | D:2      | Reached XP level 4. HP: 19/21 MP: 5/5
  1247 | D:2      | Noticed Jessica
  1272 | D:2      | Killed Jessica
  1712 | D:2      | Reached *** piety under Jiyva
  1712 | D:2      | Gained mutation: You are agile. (Dex +2) [Jiyva's grace]
  1712 | D:2      | Gained mutation: You are very agile. (Dex +4) [Jiyva's
                  | grace]
  1712 | D:2      | Gained mutation: A frigid envelope surrounds you and
                  | freezes all who hurt you. [Jiyva's grace]
  1712 | D:2      | Gained mutation: Your translucent skin slightly reduces
                  | your foes' accuracy. (Stealth+) [Jiyva's grace]
  2051 | D:4      | Killed a scorpion
  2158 | D:4      | Reached XP level 5. HP: 19/25 MP: 6/6
  2211 | D:4      | Noticed an ogre
  2261 | D:4      | Killed an ogre
  2278 | D:4      | Gained mutation: You are covered in thick fur. (AC +2)
                  | [Felid growth]
  2278 | D:4      | Reached XP level 6. HP: 28/28 MP: 7/7
  2297 | D:4      | Reached **** piety under Jiyva
  2389 | D:4      | Found a staircase to the Ecumenical Temple.
  2594 | D:5      | Noticed a yak
  2595 | D:5      | Noticed a yak
  2596 | D:5      | Noticed a yak
  2597 | D:5      | Noticed a yak
  2642 | D:5      | Reached skill level 5 in Dodging
  2642 | D:5      | Reached skill level 8 in Stealth
  2747 | D:5      | Identified the ring "Omivunydgh" {MP+9 Str+3}
  2751 | D:5      | Killed a yak
  2808 | D:5      | Reached ***** piety under Jiyva
  2816 | D:5      | Identified the +1 leather armour of Pathos {rN+}
  2820 | D:5      | Noticed a yak
  2870 | D:5      | Reached XP level 7. HP: 30/33 MP: 8/8
  2871 | D:5      | Killed a yak
  2872 | D:5      | Killed a yak
  2873 | D:5      | Reached skill level 5 in Fighting
  2874 | D:5      | Killed a yak
  2875 | D:5      | Reached skill level 9 in Stealth
  2875 | D:5      | Killed a yak
  3344 | D:5      | Lost mutation: You are very agile. (Dex +4) [Jiyva's grace]
  3344 | D:5      | Lost mutation: Your translucent skin slightly reduces your
                  | foes' accuracy. (Stealth+) [Jiyva's grace]
  3344 | D:5      | Gained mutation: Your rubbery body absorbs attacks. (AC +1,
                  | EV +1) [Jiyva's grace]
  3344 | D:5      | Gained mutation: Your pliable body absorbs attacks. (AC +2,
                  | EV +2) [Jiyva's grace]
  3344 | D:5      | Gained mutation: Your gelatinous body deflects attacks. (AC
                  | +3, EV +3) [Jiyva's grace]
  3344 | D:5      | Gained mutation: Your natural rate of healing is unusually
                  | fast. [Jiyva's grace]
  3554 | D:6      | Reached skill level 5 in Unarmed Combat
  3554 | D:6      | Reached XP level 8. HP: 37/37 MP: 6/10
  3557 | D:6      | Reached skill level 1 in Spellcasting
  3557 | D:6      | Reached skill level 1 in Necromancy
  3781 | D:6      | Found a runed translucent door.
  3787 | D:6      | Noticed Sabo's ghost (novice DsGl)
  4491 | D:7      | Reached skill level 10 in Stealth
  4496 | D:7      | Noticed a troll
  4528 | D:6      | Killed a troll
  4529 | D:6      | Reached XP level 9. HP: 7/42 MP: 13/13
  4650 | D:6      | Learned a level 4 spell: Animate Dead
  4755 | D:3      | Killed Sigmund
  4963 | D:3      | Noticed Natasha
  4969 | D:3      | Killed Natasha
  5026 | D:3      | Noticed Natasha
  5034 | D:3      | Killed Natasha
  5043 | D:3      | Noticed Natasha
  5054 | D:3      | Killed Natasha
  5413 | D:7      | Noticed Menkaure
  5422 | D:7      | Killed Menkaure
  5580 | D:7      | Identified the ring of Jaxel {rCorr Str-5 SInv Stlth+}
  6043 | D:8      | Learned a level 3 spell: Ozocubu's Armour
  6232 | D:8      | Found a sand-covered staircase.
  6237 | Ossuary  | Entered an ossuary
  6249 | Ossuary  | Lost mutation: Your gelatinous body deflects attacks. (AC
                  | +3, EV +3) [Jiyva's grace]
  6249 | Ossuary  | Gained mutation: You expend magic power (3 MP) to
                  | strengthen your wands. [Jiyva's grace]
  6249 | Ossuary  | Gained mutation: You are partially covered in iridescent
                  | scales. (AC +2) [Jiyva's grace]
  6249 | Ossuary  | Gained mutation: You are mostly covered in iridescent
                  | scales. (AC +4) [Jiyva's grace]
  6249 | Ossuary  | Gained mutation: You are completely covered in iridescent
                  | scales. (AC +6) [Jiyva's grace]
  6818 | D:8      | Reached skill level 1 in Ice Magic
  6991 | D:8      | Reached skill level 11 in Stealth
  7073 | D:7      | Reached XP level 10. HP: 34/47 MP: 16/16
  7224 | D:8      | Found a basalt altar of Yredelemnul.
  7225 | D:8      | Noticed a two-headed ogre
  7253 | D:8      | Killed a two-headed ogre
  7414 | D:8      | Found a staircase to the Lair.
  7893 | D:9      | Reached skill level 5 in Necromancy
  8208 | D:9      | Reached XP level 11. HP: 38/51 MP: 19/19
  8346 | D:9      | Reached skill level 5 in Ice Magic
  8358 | D:9      | Reached skill level 12 in Stealth
  8553 | D:9      | Reached skill level 5 in Spellcasting
  8660 | D:9      | Reached skill level 10 in Dodging
  9004 | D:9      | Noticed a two-headed ogre
  9020 | D:9      | Killed a two-headed ogre
  9083 | D:9      | Noticed Harold
  9096 | D:9      | Killed Harold
  9402 | Lair:1   | Entered Level 1 of the Lair of Beasts
  9463 | Lair:1   | Identified the +1 leather armour of Ru's Supremacy {rCorr
                  | Int+2}
  9956 | Lair:1   | Identified the +3 scimitar of Guanuej {freeze, *Slow Will+
                  | Dex+5}
  9970 | Lair:1   | Learned a level 2 spell: Ensorcelled Hibernation
 10321 | Lair:2   | Noticed a four-headed hydra
 10325 | Lair:2   | Killed a four-headed hydra
 10372 | Lair:2   | Identified the +6 dagger of Yeast {flame, Int+4}
 10399 | Lair:2   | Lost mutation: Your natural rate of healing is unusually
                  | fast. [Jiyva's grace]
 10399 | Lair:2   | Lost mutation: Your pliable body absorbs attacks. (AC +2,
                  | EV +2) [Jiyva's grace]
 10399 | Lair:2   | Lost mutation: You expend magic power (3 MP) to strengthen
                  | your wands. [Jiyva's grace]
 10399 | Lair:2   | Gained mutation: You possess an exceptional clarity of
                  | mind. [Jiyva's grace]
 10399 | Lair:2   | Gained mutation: You are resistant to electric shocks.
                  | (rElec) [Jiyva's grace]
 10399 | Lair:2   | Gained mutation: You have a pair of small horns on your
                  | head. [Jiyva's grace]
 10399 | Lair:2   | Gained mutation: You have a pair of horns on your head.
                  | [Jiyva's grace]
 10437 | Lair:2   | Gained mutation: Your thick and shaggy fur keeps you warm.
                  | (AC +3, rC+) [Felid growth]
 10437 | Lair:2   | Reached XP level 12. HP: 56/56 MP: 21/21
 10534 | Lair:2   | Reached skill level 13 in Stealth
 10607 | Lair:2   | Noticed a death yak
 10622 | Lair:2   | Killed a death yak
 10631 | Lair:2   | Noticed a death yak
 10644 | Lair:2   | Killed a death yak
 11096 | Lair:3   | Noticed a seven-headed hydra
 11103 | Lair:3   | Killed a seven-headed hydra
 11279 | Lair:3   | Found a hole to the Spider Nest.
 11398 | Lair:3   | Reached ****** piety under Jiyva
 12005 | Lair:4   | Lost mutation: You possess an exceptional clarity of mind.
                  | [Jiyva's grace]
 12005 | Lair:4   | Lost mutation: A frigid envelope surrounds you and freezes
                  | all who hurt you. [Jiyva's grace]
 12005 | Lair:4   | Gained mutation: You possess an exceptional clarity of
                  | mind. [Jiyva's grace]
 12005 | Lair:4   | Gained mutation: You are covered in slimy tendrils that may
                  | disarm your opponents. [Jiyva's grace]
 12005 | Lair:4   | Gained mutation: Your flesh is heat resistant. (rF+)
                  | [Jiyva's grace]
 12005 | Lair:4   | Gained mutation: Your flesh is very heat resistant. (rF++)
                  | [Jiyva's grace]
 12032 | Lair:4   | Found a gate leading to a gauntlet.
 12050 | Lair:4   | Noticed a catoblepas
 12072 | Lair:4   | Killed a catoblepas
 12371 | Lair:4   | Reached XP level 13. HP: 49/60 MP: 24/24
 12442 | Lair:4   | Found a staircase to the Swamp.
 12645 | Lair:4   | Reached skill level 14 in Stealth
 13531 | Lair:5   | Reached skill level 10 in Fighting
 13798 | Lair:5   | Lost mutation: You are completely covered in iridescent
                  | scales. (AC +6) [Jiyva's grace]
 13798 | Lair:5   | Lost mutation: You are mostly covered in iridescent scales.
                  | (AC +4) [Jiyva's grace]
 13798 | Lair:5   | Lost mutation: Your flesh is very heat resistant. (rF++)
                  | [Jiyva's grace]
 13798 | Lair:5   | Lost mutation: You are resistant to electric shocks.
                  | (rElec) [Jiyva's grace]
 13798 | Lair:5   | Gained mutation: You have a small jelly attached to you
                  | that may absorb projectiles. [Jiyva's grace]
 13798 | Lair:5   | Gained mutation: You expend magic power (3 MP) to
                  | strengthen your wands. [Jiyva's grace]
 13798 | Lair:5   | Gained mutation: Your spells are a little harder to cast,
                  | but a little more powerful. [Jiyva's grace]
 13798 | Lair:5   | Gained mutation: Your spells are harder to cast, but more
                  | powerful. [Jiyva's grace]
 14025 | Lair:6   | Entered Level 6 of the Lair of Beasts
 14107 | Lair:6   | Reached skill level 15 in Stealth
 14168 | Lair:6   | HP: 1/61 [drowned by a drowned soul[a merfolk avatar] (15)]
 14174 | Lair:6   | Identified the +5 dagger "Worm's Wrath" {vorpal, +Blink
                  | Will++}
 14275 | Lair:6   | Reached XP level 14. HP: 50/66 MP: 26/26
 14322 | Lair:6   | Reached skill level 10 in Unarmed Combat
 14567 | Lair:6   | Mangled by a four-headed hydra
 14568 | Lair:6   | Reached XP level 13. HP: -6/62 MP: 44/44
 14581 | Lair:6   | Reached skill level 16 in Stealth
 14880 | Lair:6   | Reached skill level 1 in Hexes
 14909 | Lair:6   | Found a staircase to the Slime Pits.
 15056 | Slime:1  | Entered Level 1 of the Pits of Slime
 15181 | Slime:2  | Noticed a rockslime
 15204 | Slime:2  | Noticed a quicksilver ooze
 15206 | Slime:2  | Noticed a quicksilver ooze
 15206 | Slime:2  | Noticed a quicksilver ooze
 15407 | Slime:3  | Noticed an acid blob
 15407 | Slime:3  | Noticed an azure jelly
 15407 | Slime:3  | Noticed a rockslime
 15498 | Slime:3  | Noticed a rockslime
 15542 | Slime:3  | Noticed an acid blob
 15777 | Slime:4  | Noticed an acid blob
 15812 | Slime:4  | Noticed an azure jelly
 15924 | Slime:4  | Noticed an azure jelly
 15941 | Slime:4  | Noticed a rockslime
 15959 | Slime:4  | Noticed an acid blob
 16067 | Slime:5  | Entered Level 5 of the Pits of Slime
 16067 | Slime:5  | Noticed a quicksilver ooze
 16079 | Slime:5  | Noticed an acid blob
 16100 | Slime:5  | Noticed an azure jelly
 16139 | Slime:5  | Noticed an azure jelly
 16157 | Slime:5  | Noticed a rockslime
 16168 | Slime:5  | Noticed an acid blob
 16186 | Slime:5  | Noticed an acid blob
 16240 | Slime:5  | Noticed an azure jelly
 16243 | Slime:5  | Noticed an azure jelly
 16259 | Slime:5  | Noticed a rockslime
 16262 | Slime:5  | Noticed a quicksilver ooze
 16262 | Slime:5  | Noticed an acid blob
 16264 | Slime:5  | Found a viscous altar of Jiyva.
 16264 | Slime:5  | Noticed an azure jelly
 16265 | Slime:5  | Noticed an acid blob
 16268 | Slime:5  | Identified the ring "Ozid Dukh" {MP+9 Str+9 Int+5 Slay-2}
 16277 | Slime:5  | Identified the amulet of Katusap {Spirit rC+ rN+ rCorr
                  | Stlth-}
 16291 | Slime:5  | Got the Handbook of Flight and Summoning
 16292 | Slime:5  | Identified the ring "Aserren" {rElec rPois Will+ MP+9
                  | Stlth-}
 16303 | Slime:5  | Got a slimy rune of Zot
 16305 | Slime:5  | Identified the +7 halberd of Symmetry {venom, rElec SInv}
 16337 | Slime:5  | Noticed the Royal Jelly
 16353 | Slime:5  | Noticed an acid blob
 16373 | Slime:5  | Identified the +10 shortbow of the Bouncing Quests {freeze,
                  | Str+4 Int+4}
 17040 | D:10     | Entered Level 10 of the Dungeon
 17424 | D:10     | Found a bloodstained altar of Trog.
 17506 | D:10     | Noticed Nergalle
 17528 | D:10     | Noticed Maggie
 17538 | D:10     | Killed Nergalle
 17553 | D:10     | Killed Maggie
 18131 | D:11     | Learned a level 5 spell: Metabolic Englaciation
 18331 | D:11     | Lost mutation: You have a pair of horns on your head.
                  | [Jiyva's grace]
 18331 | D:11     | Lost mutation: You are agile. (Dex +2) [Jiyva's grace]
 18331 | D:11     | Lost mutation: You expend magic power (3 MP) to strengthen
                  | your wands. [Jiyva's grace]
 18331 | D:11     | Gained mutation: You are strong-willed. (Will+) [Jiyva's
                  | grace]
 18331 | D:11     | Gained mutation: You are highly strong-willed. (Will++)
                  | [Jiyva's grace]
 18331 | D:11     | Gained mutation: You are extremely strong-willed. (Will+++)
                  | [Jiyva's grace]
 18331 | D:11     | Gained mutation: You expend magic power (3 MP) to
                  | strengthen your wands. [Jiyva's grace]
 18778 | D:12     | Noticed Psyche
 18796 | D:12     | Killed Psyche
 19483 | D:12     | Found a staircase to the Orcish Mines.
 19700 | Orc:1    | Entered Level 1 of the Orcish Mines
 19700 | Orc:1    | Noticed Gastronok
 19737 | Orc:1    | Killed Gastronok
 19738 | Orc:1    | Reached XP level 14. HP: 67/67 MP: 27/27
 19752 | Orc:1    | Found Doinn's Armour Shop.
 19777 | Orc:1    | Your ally Gastronok died
 19920 | D:12     | Reached skill level 1 in Summonings
 20096 | Orc:2    | Entered Level 2 of the Orcish Mines
 20466 | Orc:2    | Lost mutation: You possess an exceptional clarity of mind.
                  | [Jiyva's grace]
 20466 | Orc:2    | Lost mutation: You are extremely strong-willed. (Will+++)
                  | [Jiyva's grace]
 20466 | Orc:2    | Gained mutation: You are partially covered in large bone
                  | plates. (SH +4) [Jiyva's grace]
 20466 | Orc:2    | Gained mutation: You are mostly covered in large bone
                  | plates. (SH +6) [Jiyva's grace]
 20466 | Orc:2    | Gained mutation: You are completely covered in large bone
                  | plates. (SH +8) [Jiyva's grace]
 20466 | Orc:2    | Gained mutation: Your spells are much harder to cast, but
                  | much more powerful. [Jiyva's grace]
 20635 | Orc:2    | Noticed an orc warlord
 20763 | Orc:2    | Slimified an orc warlord
 20763 | Orc:2    | Noticed an azure jelly
 20763 | Orc:2    | an orc warlord changed into an azure jelly
 20961 | Orc:2    | Noticed Blork the orc
 20971 | Orc:2    | Killed Blork the orc
 20988 | Orc:2    | Noticed Snorg
 21000 | Orc:2    | Slimified Snorg
 21000 | Orc:2    | Noticed Snorg
 21000 | Orc:2    | Snorg changed into Snorg the slime creature
 21162 | Orc:2    | Killed Snorg the slime creature
 21326 | Orc:2    | Found a staircase to the Elven Halls.
 21337 | Orc:2    | Found Fyurghaon's Magic Scroll Boutique.
 21343 | Orc:2    | Bought a scroll of fear for 42 gold pieces
 21343 | Orc:2    | Bought a scroll of silence for 90 gold pieces
 21343 | Orc:2    | Bought a scroll of identify for 24 gold pieces
 21343 | Orc:2    | Bought a scroll of teleportation for 36 gold pieces
 21343 | Orc:2    | Bought a scroll of fear for 42 gold pieces
 21343 | Orc:2    | Bought a scroll of identify for 24 gold pieces
 21369 | Orc:2    | Identified a scroll of acquirement
 21369 | Orc:2    | Acquired a book of the Wilderness
 21372 | Orc:2    | Found Puvengem's Jewellery Boutique.
 21394 | Orc:2    | Found Ligytsig's General Store.
 21403 | Orc:2    | Bought a book of Debilitation for 280 gold pieces
 21403 | Orc:2    | Bought a scroll of teleportation for 42 gold pieces
 21403 | Orc:2    | Bought a potion of heal wounds for 70 gold pieces
 21487 | Orc:2    | Found Wudghewk's Antique Weapon Boutique.
 21502 | Orc:2    | Found Umivivy's Antique Armour Boutique.
 21599 | Orc:1    | Noticed Sonja
 21603 | Orc:1    | Killed Sonja
 21604 | Orc:1    | Reached skill level 5 in Summonings
 21660 | Orc:1    | Found Begifrab's Weapon Shoppe.
 21673 | Orc:1    | Found Junitok's Magic Scroll Boutique.
 21693 | Orc:1    | Bought a scroll of teleportation for 39 gold pieces
 21693 | Orc:1    | Bought a scroll of fear for 45 gold pieces
 21693 | Orc:1    | Bought a scroll of teleportation for 39 gold pieces
 21813 | Orc:1    | Found Luepul's Armour Boutique.
 22225 | D:5      | Learned a level 1 spell: Slow
 22229 | D:5      | Learned a level 3 spell: Confusing Touch
 22233 | D:5      | Killed happo123's ghost
 22234 | D:5      | Reached skill level 1 in Evocations
 22320 | D:6      | Killed Sabo's ghost
 22540 | Spider:1 | Entered Level 1 of the Spider Nest
 22628 | Spider:1 | HP: 1/67 [jumping spider (11)]
 22628 | Spider:1 | Slain by a jumping spider
 22629 | Spider:1 | Reached XP level 13. HP: -4/63 MP: 44/44
 22845 | Spider:1 | Noticed Nikola
 22851 | Spider:1 | Killed from afar by Nikola

Illustrated notes

Levels and vault maps discovered:
D:1:      onia_arrival_zoo_common, layout_loops_cross,
          dreamdust_ecumenical_altar_statues
D:2:      wander_river, layout_basic, nrook_mini_vaults, minmay_hexomino_r4,
          uniq_jessica
D:3:      layout_loops_ring, uniq_sigmund, uniq_natasha
D:4:      layout_gridville, minmay_temple_entry_enclosed_plants,
          portal_sewer_entry_b, saegor_snake_ambush
D:5:      layout_cave_pods, hellmonk_ghost_happy_afterlife,
          minmay_tree_intersection
D:6:      layout_loops_corners, gammafunk_ghost_grave
D:7:      layout_basic, kennysheep_generic_room_10, uniq_menkaure
D:8:      layout_gridville, mainiacjoe_overflow_surrounded_room,
          erik_lair_dragon, enter_ossuary_5
D:9:      kennysheep_blocky_hall, layout_basic, uniq_harold
D:10:     layout_basic, mainiacjoe_overflow_chevrons, uniq_maggie, uniq_nergalle
D:11:     layout_loops_ring
D:12:     layout_loops_ring, hiddenorc1_lemuel, uniq_psyche
D:13:     layout_small_grid, serial_bayou_pond_e
Lair:1:   layout_gridlike, st_stairs_9, grunt_forest_stairs_basic,
          disabler_island
Lair:2:   layout_hall_layers, infiniplex_staircase_pool
Lair:3:   layout_regular_city, spider_nest_entry_rubble,
          chequers_serial_rivers_micro_d, gammafunk_lair_bear_cave
Lair:4:   layout_hall_layers, minmay_swamp_entry_swarm, gauntlet_entry_generic
Lair:5:   layout_loops_ring, st_stairs_4, lemuel_fruit_tree
Lair:6:   gammafunk_lair_ancient_temple, layout_loops_ring,
          dpeg_slime_entry_corner
Spider:1: layout_spider_delve, uniq_josephine, uniq_rupert, uniq_nikola,
          uniq_donald
Slime:1:  layout_caves
Slime:2:  layout_caves
Slime:3:  layout_caves
Slime:4:  layout_caves
Slime:5
Orc:1:    layout_caves, serial_shops, nicolae_shop_hallway_plus, shop,
          nicolae_shop_crystal, nicolae_shop_advertising_works
          [nicolae_subvault_shop_adworks], uniq_gastronok, uniq_sonja
Orc:2:    grunt_orc_cross, layout_caves, serial_shops, nicolae_shop_statue_plus,
          uniq_snorg

Skill      XL: |  1  2  3  4  5  6  7  8  9 10 11 12 13 14 |
---------------+-------------------------------------------+-----
Dodging        | 3 4 5 6 7 8 9 10 11 12 13 | 13.9
Stealth        | 7 8 9 10 11 12 13 16 | 16.9
Unarmed Combat | 3 4 5 6 7 8 9 10 | 10.8
Fighting       | 4 5 6 7 8 9 11 | 11.1
Spellcasting   | 2 3 4 5 6 7 8 |  8.8
Necromancy     | 2 4 5 6 7 8 |  8.0
Ice Magic      | 2 4 6 8 9 |  9.2
Hexes          | 4 |  4.7
Summonings     | 5 |  5.7
Evocations     | 2 |  2.5

Action                   |  1- 3 |  4- 6 |  7- 9 | 10-12 | 13-15 || total
-------------------------+-------+-------+-------+-------+-------++-------
Melee: Unarmed           |   106 |   137 |   361 |   605 |  1041 ||  2250
       Bite              |     7 |    18 |    46 |   100 |   175 ||   346
       Punch             |     1 |     3 |    19 |    41 |   101 ||   165
       Headbutt          |       |       |       |    51 |   303 ||   354
 Cast: Ozocubu's Armour  |       |       |     1 |     7 |    14 ||    22
       Animate Dead      |       |       |       |    10 |     9 ||    19
       Ensorcelled Hiber |       |       |       |     5 |     4 ||     9
       Confusing Touch   |       |       |       |       |     2 ||     2
Invok: Oozemancy         |       |       |     6 |     4 |    15 ||    25
       Slimify           |       |       |       |       |     3 ||     3
Evoke: Wand              |       |       |       |       |     5 ||     5
  Use: Scroll            |     2 |     5 |     2 |     6 |    14 ||    29
       Potion            |     1 |       |       |     1 |    10 ||    12
 Stab: Sleeping          |    17 |    11 |    19 |    22 |    17 ||    86
       Distracted        |       |       |       |     6 |    12 ||    18
       Confused          |       |       |       |       |     3 ||     3
Armor: Skin              |     5 |     2 |    23 |    55 |   130 ||   215
Dodge: Dodged            |    71 |   128 |   353 |   473 |  1298 ||  2323
Block: Other             |       |       |       |       |    77 ||    77

Table legend: (Time is in decaauts)
 A = Elapsed time spent in this place.
 B = Non-inter-level travel time spent in this place.
 C = Inter-level travel time spent in this place.
 D = Time resting spent in this place.
 E = Time spent auto-exploring this place.
 F = Levels seen in this place.
 G = Mean time per level.
                   A        B        C        D        E       F      G
               +--------+--------+--------+--------+--------+-----+--------+
         Total |  19033 |  17546 |   1487 |   1347 |  10377 |  28 |  679.8 |
       Dungeon |  10168 |   9243 |    925 |    751 |   5906 |  13 |  782.2 |
          Lair |   5167 |   4808 |    359 |    329 |   2628 |   6 |  861.2 |
   Spider Nest |    233 |    233 |      0 |      0 |      4 |   1 |  233.0 |
    Slime Pits |   1127 |   1012 |    115 |      0 |    968 |   5 |  225.4 |
  Orcish Mines |   1872 |   1785 |     87 |    141 |    778 |   2 |  936.0 |
       Ossuary |    463 |    463 |      0 |    126 |     91 |   1 |  463.0 |
               +--------+--------+--------+--------+--------+-----+--------+

Top non-repeatable levels by time:
     D:9: 1516 daAuts
   Orc:2: 1273 daAuts
  Lair:6: 1123 daAuts
     D:8: 1090 daAuts
     D:6: 1076 daAuts
  Lair:4: 991 daAuts
     D:5: 965 daAuts
    D:10: 872 daAuts
  Lair:3: 828 daAuts
     D:2: 796 daAuts
  Lair:1: 791 daAuts
  Lair:5: 784 daAuts
    D:12: 744 daAuts
     D:3: 661 daAuts
  Lair:2: 648 daAuts
